SCURSCUM, neutral female scurrid Archeologist -------- ---....... |...*....| +........| |........| ---@.....| --|----- O SCURSCUM the Digger Experience level: 1 Strength: 16 Dexterity: 10 Constitution: 13 Intelligence: 12 Wisdom: 15 Charisma: 9 Health: 0(12) Energy: 2(2) Def: 2 Gold: 0 Moves: 365 Dungeon seed: DftArV6PIaHThpNj Game ID: SCURSCUM_1498607999 Your Inventory: Weapons a - an uncursed +2 bullwhip Armor e - an uncursed +0 leather jacket (being worn) n - an uncursed +0 pair of leather gloves (being worn) Comestibles b - 3 uncursed chestnuts Tools c - an uncursed pair of lenses f - an uncursed sack g - an uncursed tin opener (alternate weapon; not wielded) h - an uncursed oil lamp (0:1268) Gems q - an uncursed touchstone Spells and supernatural/magical abilities: Name Level Category Fail Memory W - pray for help -- divine ? -- Your skills at the end: Miscellaneous Skills wands [Basic] Weapon Skills whip [Basic] Spellcasting Skills Final Attributes: You were devoutly aligned. You had infravision. You were very stealthy. You were fast. You are dead. Vanquished creatures: a goblin Voluntary challenges: You went without food. You did not adorn yourself with jewelry or accessories. You did not cause conflict. You were not invisible. You did not have reflection. You were not displaced. You were an atheist. You never hit with a wielded weapon. You were a pacifist. You did not use tools. You did not use plumbed fixtures. You did not drink any magical draughts. You were illiterate. You never genocided any monsters. You never polymorphed an object. You never changed form. You used no wishes. You never split a pudding. You never wrote Elbereth's name. You never violated your personal moral code. Dungeon overview: The Dungeons of Doom: levels 1 to 18 Level 1 a long staircase Level 2 Level 3 Level 4 a long staircase Level 5 a fountain Level 6 an altar to Huhetotl Level 7 Level 8 Level 9 Level 10 a fountain Level 11 Level 12 Level 13 an altar to Quetzalcoatl Level 14 Level 15 Level 16 Level 17 Level 18 <- You were here History has recorded: On T:1 you entered the Dungeons of Doom to retrieve the Amulet of Yendor! On T:6 you reached level 2 of The Dungeons of Doom. On T:9 you reached level 3 of The Dungeons of Doom. On T:11 you reached level 4 of The Dungeons of Doom. On T:15 you reached level 5 of The Dungeons of Doom. On T:17 you reached level 6 of The Dungeons of Doom. On T:20 you reached level 7 of The Dungeons of Doom. On T:22 you reached level 8 of The Dungeons of Doom. On T:26 you reached level 9 of The Dungeons of Doom. On T:29 you reached level 10 of The Dungeons of Doom. On T:32 you reached level 11 of The Dungeons of Doom. On T:34 you reached level 12 of The Dungeons of Doom. On T:37 you reached level 13 of The Dungeons of Doom. On T:39 you reached level 14 of The Dungeons of Doom. On T:42 you reached level 15 of The Dungeons of Doom. On T:45 you reached level 16 of The Dungeons of Doom. On T:45 you entered the Rogue tribute level. On T:48 you reached level 17 of The Dungeons of Doom. On T:51 you reached level 18 of The Dungeons of Doom. Score breakdown: Gold: 0 ( 0 points) Experience: 1 level ( 0 points) Exploration: 18 levels ( 510 points) Discoveries: 2 items ( 100 points) Variety of kills: 1 monster ( 50 points) Major goal: (nothing yet) ( 0 points) Survival: died (score multiplied by 3) Total score: 1980 Latest messages: The stairs are too hard to dig in. You start digging downward. The stairs are too hard to dig in. You start digging downward. The stairs are too hard to dig in. You start digging downward. The stairs are too hard to dig in. You start digging downward. The stairs are too hard to dig in. The ogre drinks a cyan potion! The ogre seems more experienced. You swing your paws through thin air. You have no weapon equipped. You start digging downward. The stairs are too hard to dig in. The ogre lord zaps a steel wand! The bolt of lightning hits you! Your wand of light breaks apart and explodes! You die... The sack is empty. The sack is empty. Final status: Goodbye SCURSCUM the Archeologist, killed by a bolt of lightning... You died in The Dungeons of Doom on dungeon level 18 with 1980 points, and 0 pieces of gold, after 365 moves. You were level 1 with a maximum of 12 hit points when you died.